 Dungeon Crawl Stone Soup version 0.32-a0-968-g61e5eb5241 (webtiles) character file.

Game seed: 17834091497057951322

254 Revguard the Ruffian (level 5, 0/42 HPs)
             Began as a Draconian Shapeshifter on Apr 18, 2024.
             Killed from afar by an orc wizard (9 damage)
             ... with a puff of flame
             ... on level 4 of the Dungeon.
             The game lasted 00:06:39 (2977 turns).

Revguard the Ruffian (Draconian Shapeshifter)       Turns: 2977, Time: 00:06:39

Health: 0/42       AC:  5    Str: 24    XL:     5   Next: 91%
Magic:  5/5        EV: 11    Int: 10    God:
Gold:   237        SH:  0    Dex: 11    Spells: 4/4 levels left

rFire   . .          .
                       - Unarmed
rCold   . . .        (no shield)
rNeg    . . .        (body armour unavailable)
rPois   .            (helmet currently unavailable)
rElec   .            (cloak currently unavailable)
rCorr   .            (gloves currently unavailable)
SInv    .            (boots currently unavailable)
Will    .....        (no amulet)
Stlth   ++           l - +6 ring of strength
HPRegen 0.27/turn    (no ring)
MPRegen 0.09/turn

%: no passive effects
@: beast-form
A: beast (slay +2), AC +5, unfitting armour, cold-blooded
a: Begin Untransformation


You were on level 4 of the Dungeon.
You were a hulking beast.
You visited 1 branch of the dungeon, and saw 4 of its levels.

You collected 237 gold pieces.

Inventory:

Jewellery
 l - a +6 ring of strength (left hand)
Talismans
 b - a beast talisman (active)
 c - a flux talisman
 j - a blade talisman
Scrolls
 d - 2 scrolls of teleportation {unknown}
 e - 3 scrolls of enchant weapon {unknown}
 f - 4 scrolls of identify {unknown}
 h - a scroll of vulnerability {unknown}
 i - a scroll of butterflies {unknown}
 m - 2 scrolls of fog {unknown}
 p - a scroll of revelation {unknown}
 r - a scroll of enchant armour {unknown}
Potions
 a - 5 potions of curing {unknown}
 g - a potion of brilliance {unknown}
 k - a potion of attraction {unknown}
 n - a potion of invisibility {unknown}
 q - 3 potions of mutation {unknown}


   Skills:
 + Level 2.7 Fighting
 + Level 2.6 Dodging
 + Level 2.1 Stealth
 + Level 3.8 Unarmed Combat
 + Level 2.1 Evocations
 * Level 3.7 Shapeshifting


You had 4 spell levels left.
You didn't know any spells.
Your spell library contained the following spells:

 Spells                   Type           Power      Damage    Failure   Level
 Lesser Beckoning         Tloc           0%         N/A       50%         2
 Mercury Vapours          Alch/Air       0%         N/A       50%         2
 Maxwell's Portable Pile  Tloc           0%         2d(5-13)  75%         3
 Mephitic Cloud           Conj/Alch/Air  0%         N/A       75%         3
 Teleport Other           Tloc           0%         N/A       75%         3
 Freezing Cloud           Conj/Ice/Air   0%         6-21      100%        5


Dungeon Overview and Level Annotations

Branches:
Dungeon (4/15)
 Temple: D:4-7

Altars:
Nemelex Xobeh
Qazlal

Annotations:
D:3 2 transporters


Innate Abilities, Weirdness & Mutations

You are a hulking beast.
Your limbs bulge with bestial killing power. (Slay +2)
Your plain brown scales are hard. (AC +5)
You cannot fit into any form of body armour.
You are cold-blooded and may be slowed by cold attacks.


Message History

The bombardier beetle is almost dead.
You barely miss the bombardier beetle.
The bombardier beetle is almost dead.
The bombardier beetle sprays incendiary fluid at you.
The burning spray hits you.
You are covered in liquid fire!
You closely miss the bombardier beetle.
Your tail-slap misses the bombardier beetle.
The bombardier beetle is almost dead.
The liquid fire burns you!
You hit the bombardier beetle but do no damage.
The bombardier beetle is almost dead.
The liquid fire burns you!
* * * LOW HITPOINT WARNING * * *
The bombardier beetle sprays incendiary fluid at you.
The burning spray hits you.
You are even more covered in liquid fire!
You shake off some of the fire as you move.
The liquid fire burns you!
* * * LOW HITPOINT WARNING * * *
You shake off some of the fire as you move.
The liquid fire burns you!
* * * LOW HITPOINT WARNING * * *
You feel much better. The liquid fire burns you!
The bombardier beetle bites you.
You shake off some of the fire as you move.
The liquid fire burns you!
* * * LOW HITPOINT WARNING * * *
You shake off some of the fire as you move.
The liquid fire burns you!
* * * LOW HITPOINT WARNING * * *
You shake off the liquid fire.
You punch the bombardier beetle!
You kill the bombardier beetle!
An orc wizard comes into view. It is wielding a +0 dagger.
The orc wizard shouts!
The orc wizard casts a spell at you. The puff of flame hits you!
You die...

#.###.#.# #.....#
#.##....###.....##
.(##..#.##.......#####
#.#...#.##...........#
#........#.......###.#.
###...##.#.##......#...#
##.###.......#.#.#..#
### #.#!###........#
###### #........h#.#..#
.....# #....#......#..#
.###.# #.##)#......#..#
.###.# #....).........#
...#.###.####.#)##o#.##
.......#.####.#........
.....#.#...........##.##
.#.###.#####<..##### #
.#..##.# #...#


You could see an orc wizard.

Vanquished Creatures
  A bombardier beetle (D:4)
  A hound (D:4)
  Terence (D:2)
  An iguana (D:3)
  6 adders
  4 dart slugs
  A ribbon worm (D:3)
  8 orcs (D:4)
  6 endoplasms
  8 giant cockroaches
  3 hobgoblins
  4 kobolds
  4 quokkas (D:1)
  6 ball pythons
  5 bats
  A frilled lizard (D:2)
  5 goblins
  6 rats
71 creatures vanquished.

Notes
Turn   | Place    | Note
-------+----------+-------------------------------------------
     0 | D:1      | Revguard the Draconian Shapeshifter began the quest for the
                  | Orb.
     0 | D:1      | Reached XP level 1. HP: 16/16 MP: 1/1
    83 | D:1      | Reached XP level 2. HP: 14/23 MP: 2/2
   726 | D:2      | Reached skill level 1 in Stealth
   726 | D:2      | Reached skill level 1 in Evocations
   726 | D:2      | Reached XP level 3. HP: 29/29 MP: 3/3
   748 | D:2      | Found a faded altar of an unknown god.
  1149 | D:2      | Noticed Terence
  1158 | D:2      | HP: 1/43 [Terence/+4 flail (5)]
  1160 | D:2      | Killed Terence
  1161 | D:2      | Reached XP level 4. HP: 26/36 MP: 4/4
  1821 | D:3      | Found a transporter.
  1825 | D:3      | Found a transporter.
  2081 | D:3      | Reached XP level 5. HP: 40/42 MP: 5/5
  2360 | D:3      | Found a stormy altar of Qazlal.
  2747 | D:4      | Found a sparkling altar of Nemelex Xobeh.
  2967 | D:4      | HP: 2/42 [burnt (4)]
  2977 | D:4      | Killed from afar by an orc wizard

Illustrated notes

Levels and vault maps discovered:
D:1:      eino_arrival_druids_welcome, layout_basic, hangedman_feature_mirror,
          amcnicky_mini_pool_small, minmay_tetromino_s2
D:2:      minmay_razor_zed, layout_loops_ring,
          chequers_ecumenical_altar_simple_redux, uniq_terence
D:3:      gammafunk_steamed_eel, layout_loops_ring, general_overflow_altar,
          serial_co_window_serial, co_window_corner_a, co_window_corner_a,
          co_window_paths_a, co_window_of_opportunity_a, co_window_cross_1,
          co_window_corner_a, co_window_broadway_c, co_window_broadway_a,
          co_window_cross_2, glass_columns_a, glass_columns_a
D:4:      layout_loops_cross, mainiacjoe_overflow_six_doors_small,
          nzn_hepliaklqana_mist_gate, amcnicky_mini_corridor_feature

Skill      XL: |  1  2  3  4  5 |
---------------+----------------+-----
Dodging        | 2 |  2.6
Stealth        | 1 2 |  2.1
Evocations     | 1 2 |  2.1
Fighting       | 2 |  2.7
Unarmed Combat | |  3.8
Shapeshifting  | |  3.7

Action                     |  1- 3 |  4- 6 || total
---------------------------+-------+-------++-------
  Melee: Unarmed           |    88 |   133 ||   221
         Tailslap          |     6 |    17 ||    23
         Punch             |     4 |     2 ||     6
    Use: Potion            |     2 |     1 ||     3
   Stab: Sleeping          |     4 |     2 ||     6
 Armour: Skin              |    65 |    96 ||   161
  Dodge: Dodged            |    61 |    86 ||   147

Table legend: (Time is in decaauts)
 A = Elapsed time spent in this place.
 B = Non-inter-level travel time spent in this place.
 C = Inter-level travel time spent in this place.
 D = Time resting spent in this place.
 E = Time spent auto-exploring this place.
 F = Levels seen in this place.
 G = Mean time per level.
                   A        B        C        D        E       F      G
               +--------+--------+--------+--------+--------+-----+--------+
         Total |   2966 |   2929 |     37 |     29 |   2282 |   4 |  741.5 |
       Dungeon |   2966 |   2929 |     37 |     29 |   2282 |   4 |  741.5 |
               +--------+--------+--------+--------+--------+-----+--------+

Top non-repeatable levels by time:
     D:2: 1000 daAuts
     D:3: 805 daAuts
     D:1: 708 daAuts
     D:4: 452 daAuts
